 Dungeon Sprint DCSS version 0.19-a0-82-gd3566c2 (webtiles) character file.

1313 Kidiri the Grappler (level 8, -2/89 HPs)
             Began as a Troll Monk on May 15, 2016.
             Was an Elder of Qazlal.
             Slain by a seven-headed hydra (4 damage)
             ... in the Dungeon (Sprint IX: "|||||||||||||||||||||||||||||").
             The game lasted 00:03:05 (426 turns).

Kidiri the Grappler (Troll Monk)                     Turns: 426, Time: 00:03:06

Health: -2/89      AC: 10    Str: 22    XL:     8   Next: 32%
Magic:  4/10       EV: 14    Int:  6    God:    Qazlal [****..]
Gold:   0          SH:  5    Dex: 15    Spells: 0 memorised, 7 levels left

rFire  . . .     SeeInvis .       - Unarmed
rCold  . . .     Gourm    +     a - +1 robe
rNeg   . . .     Faith    .     (no shield)
rPois  .         Spirit   .     (helmet restricted)
rElec  .         Dismiss  .     n - +1 cloak
rCorr  .         Reflect  .     (gloves unavailable)
SustAt .         Harm     .     (boots unavailable)
MR     .....     NoTele   +     (no amulet)
Stlth  +.........               p - +2 ring of protection
                                o - +3 ring of dexterity

@: repel missiles, not resistant to hostile enchantments, very unstealthy
A: unfitting armour, claws 3, fast metabolism 3, gourmand, regeneration 2,
shaggy fur 1, tough skin 2
a: Upheaval, Elemental Force, Renounce Religion


You were in the Dungeon.
You worshipped Qazlal.
Qazlal was greatly pleased with you.
You were completely stuffed.

You visited 1 branch

Inventory:

Armour
 a - a +1 robe (worn)
 n - a +1 cloak (worn)
Jewellery
 o - a +3 ring of dexterity (left claw)
 p - a +2 ring of protection (right claw)
 t - an uncursed ring of protection from fire
Wands
 m - a wand of lightning (7/15)
Scrolls
 h - 4 scrolls of blinking
 k - 5 scrolls of remove curse
 l - 2 scrolls of amnesia
 v - 2 scrolls of enchant weapon
Potions
 c - 5 potions of curing
 e - a potion of haste
 f - 4 potions of magic
 g - 2 potions of resistance
 i - 2 potions of agility
 j - a potion of invisibility
 q - a potion of berserk rage
 r - a potion of might
 s - a potion of brilliance
Comestibles
 b - 2 bread rations


   Skills:
 * Level 8.3 Fighting
 + Level 5.4 Armour
 * Level 8.3 Dodging
 - Level 1.1 Stealth
 * Level 10.4 Unarmed Combat
 + Level 5.0 Invocations


You had 7 spell levels left.
You didn't know any spells.

Dungeon Overview and Level Annotations

Branches:
Dungeon (1/1)

Altars:
Cheibriados
Dithmenos
Elyvilon
Fedhas
Gozag
Kikubaaqudgha
Makhleb
Nemelex Xobeh
Okawaru
Pakellas
Qazlal
Ru
Sif Muna
Trog
Vehumet
Xom
Yredelemnul
Zin
The Shining One
Beogh
Jiyva
Lugonu


Innate Abilities, Weirdness & Mutations

You are too large for most types of armour.
You have claws for hands.
Your metabolism is lightning-fast.
You like to eat raw meat.
You heal very quickly.
You are covered in fur (AC +1).
You have very tough skin (AC +2).


Message History

Drink which item? (? for menu, Esc to quit)
You feel much better.
You block the seven-headed hydra's attack.
The seven-headed hydra bites you. The seven-headed hydra misses you.
The seven-headed hydra bites you!
* * * LOW HITPOINT WARNING * * *
The seven-headed hydra bites you!
* * * LOW HITPOINT WARNING * * *
You block the seven-headed hydra's attack.
The seven-headed hydra bites you but does no damage.
Drink which item? (? for menu, Esc to quit)
You feel much better. The seven-headed hydra bites you! x2
* * * LOW HITPOINT WARNING * * *
The seven-headed hydra barely misses you.
The seven-headed hydra bites you.
* * * LOW HITPOINT WARNING * * *
The seven-headed hydra bites you.
* * * LOW HITPOINT WARNING * * *
The seven-headed hydra bites you.
You die...

▓▓▓▓▓▓▓▓▓▓▓▓▓▓▓▓▓▓▓▓▓▓▓▓▓
▓<...'÷(÷).'÷....'_______
▓▓▓▓▓▓▓▓▓▓▓▓▓▓▓▓▓▓▓▓▓▓▓▓▓
▓........................
▓.▓▓▓▓▓▓▓▓▓▓▓▓▓▓▓▓▓▓▓▓▓▓▓
▓.......@DYSrS....S..S'..
▓▓▓▓▓▓▓▓▓▓▓▓▓▓▓▓▓▓▓▓▓▓▓▓▓


You could see a seven-headed hydra, a yak, 2 water moccasins and a porcupine.

Vanquished Creatures
  A komodo dragon (D)
  A troll (D)
  A slime creature (D)
  A hippogriff (D)
  A water moccasin (D)
  2 ice beasts (D)
  A wasp (D)
  3 hounds (D)
  An iguana (D)
  2 worker ants (D)
  A bat (D)
  2 bat skeletons (D)
  A bat zombie (D)
  A jackal (D)
  A kobold (D)
  3 rats (D)
23 creatures vanquished.

Vanquished Creatures (others)
  A spatial maelstrom (D)
1 creature vanquished.

Grand Total: 24 creatures vanquished

Notes
Turn   | Place    | Note
--------------------------------------------------------------
     0 | D        | Kidiri the Troll Monk began the quest for the Orb.
     0 | D        | Reached XP level 1. HP: 22/22 MP: 0/0
     2 | D        | Banished a spatial maelstrom
    11 | D        | Reached skill level 1 in Armour
    31 | D        | Noticed a worker ant
    31 | D        | Noticed an iguana
    31 | D        | Noticed a hound
    36 | D        | Killed a worker ant
    36 | D        | Reached skill level 5 in Unarmed Combat
    36 | D        | Reached XP level 2. HP: 27/31 MP: 1/1
    36 | D        | Reached XP level 3. HP: 32/37 MP: 2/2
    45 | D        | Reached skill level 6 in Unarmed Combat
    45 | D        | Reached XP level 4. HP: 23/49 MP: 3/3
    54 | D        | Found a glowing silver altar of Zin.
    54 | D        | Found a glowing golden altar of the Shining One.
    54 | D        | Found an ancient bone altar of Kikubaaqudgha.
    54 | D        | Found a basalt altar of Yredelemnul.
    54 | D        | Found a shimmering altar of Xom.
    54 | D        | Found a radiant altar of Vehumet.
    55 | D        | Found an iron altar of Okawaru.
    56 | D        | Found a burning altar of Makhleb.
    57 | D        | Found a deep blue altar of Sif Muna.
    58 | D        | Found a bloodstained altar of Trog.
    59 | D        | Found a sparkling altar of Nemelex Xobeh.
    60 | D        | Found a white marble altar of Elyvilon.
    61 | D        | Found a roughly hewn altar of Beogh.
    62 | D        | Found a viscous altar of Jiyva.
    63 | D        | Found a corrupted altar of Lugonu.
    64 | D        | Found a blossoming altar of Fedhas.
    65 | D        | Found a snail-covered altar of Cheibriados.
    66 | D        | Found a shadowy altar of Dithmenos.
    67 | D        | Found a stormy altar of Qazlal.
    68 | D        | Found an opulent altar of Gozag.
    69 | D        | Found a sacrificial altar of Ru.
    70 | D        | Found an oddly glowing altar of Pakellas.
    75 | D        | Became a worshipper of Qazlal Stormbringer
    75 | D        | Reached * piety under Qazlal
    75 | D        | Reached ** piety under Qazlal
   106 | D        | Noticed a troll
   106 | D        | Noticed a wasp
   106 | D        | Noticed a hippogriff
   118 | D        | Killed a troll
   118 | D        | Reached skill level 5 in Fighting
   118 | D        | Reached skill level 5 in Dodging
   118 | D        | Reached skill level 7 in Unarmed Combat
   118 | D        | Reached XP level 5. HP: 27/59 MP: 3/6
   118 | D        | Reached XP level 6. HP: 31/67 MP: 3/7
   120 | D        | Reached skill level 8 in Unarmed Combat
   132 | D        | Reached *** piety under Qazlal
   134 | D        | Killed a hippogriff
   134 | D        | Reached skill level 9 in Unarmed Combat
   134 | D        | Reached XP level 7. HP: 32/78 MP: 4/8
   203 | D        | Noticed a slime creature
   203 | D        | Noticed a komodo dragon
   215 | D        | Killed a slime creature
   215 | D        | Reached **** piety under Qazlal
   215 | D        | Reached skill level 5 in Armour
   225 | D        | Killed a komodo dragon
   225 | D        | Reached skill level 10 in Unarmed Combat
   225 | D        | Reached XP level 8. HP: 76/88 MP: 1/10
   408 | D        | Noticed a six-headed hydra
   409 | D        | Reached skill level 5 in Invocations
   410 | D        | Noticed a spiny frog
   426 | D        | HP: 2/89 [seven-headed hydra (5)]
   426 | D        | Slain by a seven-headed hydra

Vault maps used:
D:        linesprint

Skill      XL: |  1  2  3  4  5  6  7  8 |
---------------+-------------------------+-----
Armour         | 1 2 3 4 5 |  5.4
Fighting       | 3 4 5 7 8 |  8.3
Dodging        | 3 4 5 6 8 |  8.3
Unarmed Combat | 5 6 7 9 10 | 10.4
Invocations    | 2 3 4 5 |  5.0
Stealth        | |  1.1

Action                   |  1- 3 |  4- 6 |  7- 9 || total
-------------------------+-------+-------+-------++-------
Melee: Unarmed           |    24 |    25 |    20 ||    69
       Punch             |       |     1 |     3 ||     4
Invok: Upheaval          |       |       |     4 ||     4
  Use: Potion            |       |     2 |     2 ||     4
       Scroll            |       |       |     2 ||     2
  Eat: Chunk             |       |     1 |     9 ||    10
Armor: Robe              |    10 |     2 |     8 ||    20
Dodge: Dodged            |    11 |    13 |    17 ||    41
Block: Other             |       |     1 |     4 ||     5
